 Dungeon Crawl Stone Soup version 0.31-a0-366-ga77b45bd9b (webtiles) character file.

Game seed: 17385328180313335521

118962 confidenceinterval the Warrior (level 16, -33/189 HPs)
             Began as a Minotaur Chaos Knight on July 28, 2023.
             Was a Plaything of Xom.
             Annihilated by a +3 vampiric lajatang (41 damage)
             ... on level 2 of the Elven Halls.
             The game lasted 00:50:11 (24513 turns).

confidenceinterval the Warrior (MiCK)              Turns: 24513, Time: 00:50:14

Health: -33/189    AC: 15    Str: 24    XL:     16   Next: 26%
Magic:  15/15      EV: 31    Int: 16    God:    Xom [......]
Gold:   726        SH:  0    Dex: 23    Spells: 15/15 levels left

rFire   + + .        x - +0 eveningstar of Hatred {heavy, rF- Int+5 Dex+6}
rCold   . . .        (no shield)
rNeg    . . .        (no body armour)
rPois   +            (helmet restricted)
rElec   +            r - +1 cloak of Lugonu's Fury {rElec Int+3}
rCorr   .            b - +1 pair of gloves {Stlth+}
SInv    +            I - +0 pair of boots of Tulips {rPois rF+++ SInv}
Will    ++++.        Q - necklace of Bloodlust {Fury *Rage Will++ Int-3 Slay+6}
Stlth   +++++        T - +4 ring of protection
HPRegen 0.51/turn    y - +5 ring of evasion
MPRegen 0.14/turn

%: random rage (50%)
@: about to teleport, on berserk cooldown, slowed, studying 2 skills, unable to
drink, very slow
A: horns 2, retaliatory headbutt, claws 1, iridescent scales 2, thin skeletal
structure 1, agile 1, clever 1, strong-willed 1, robust 2, strong 1, inability
to drink after injury 1
a: Renounce Religion


You were on level 2 of the Elven Halls.
You worshipped Xom.
You were a very special plaything of Xom.
You visited 4 branches of the dungeon, and saw 24 of its levels.
You also visited: Ice Cave.

You collected 2473 gold pieces.
You spent 1747 gold pieces at shops.

Inventory:

Hand Weapons
 i - the +6 dire flail of Malaise {drain, Will- Int+9 Dex+4 Stlth+}
   (You bought it in a shop on level 1 of the Elven Halls)

   Int:       It affects your intelligence (+9).
   Dex:       It affects your dexterity (+4).
   Will:      It decreases your willpower.
   Stlth:     It makes you more stealthy.
 x - the +0 eveningstar of Hatred (weapon) {heavy, rF- Int+5 Dex+6}
   (You found it on level 13 of the Dungeon)

   Int:       It affects your intelligence (+5).
   Dex:       It affects your dexterity (+6).
   rF:        It makes you vulnerable to fire.
 J - a +4 eveningstar
 V - the +8 whip of Takhosux {elec, rN+ Stlth+}
   (You found it on level 2 of the Lair of Beasts)

   rN:        It protects you from negative energy.
   Stlth:     It makes you more stealthy.
 X - a +1 demon whip of venom
Missiles
 g - 23 javelins
 H - 2 throwing nets
Armour
 a - the +1 ring mail of Analysis {+Inv MP+9 Str+2}
   (You found it on level 4 of the Lair of Beasts)

   Str:       It affects your strength (+2).
   MP:        It affects your magic capacity (+9).
   +Inv:      It lets you turn invisible.
 b - a +1 pair of gloves of stealth (worn)
 f - the +8 chain mail of the Arcane {rPois Will- Regen+ Int+5}
   (You bought it in a shop on level 2 of the Orcish Mines)

   Int:       It affects your intelligence (+5).
   rPois:     It protects you from poison.
   Regen:     It increases your rate of health regeneration.
   Will:      It decreases your willpower.
 n - a +2 scale mail of cold resistance
 r - the +1 cloak of Lugonu's Fury (worn) {rElec Int+3}
   (You found it on level 14 of the Dungeon)

   Int:       It affects your intelligence (+3).
   rElec:     It insulates you from electricity.
 D - +0 shadow dragon scales
 E - the +5 pair of boots "Itzadgha" {rF+ rC- Str+5}
   (You found it on level 5 of the Lair of Beasts)

   Str:       It affects your strength (+5).
   rF:        It protects you from fire.
   rC:        It makes you vulnerable to cold.
 I - the +0 pair of boots of Tulips (worn) {rPois rF+++ SInv}
   (You acquired it on level 7 of the Dungeon)

   rF:        It renders you almost immune to fire.
   rPois:     It protects you from poison.
   SInv:      It lets you see invisible.
 R - a +4 plate armour of fire resistance
 Z - the +5 chain mail of the Desolation of Salt {SInv}
   (You bought it in a shop on level 2 of the Orcish Mines)

   SInv:      It lets you see invisible.
Jewellery
 d - a ring of flight
 l - a +6 ring of dexterity
 s - a +4 ring of protection
 t - an amulet of regeneration
 v - an amulet of reflection
 y - a +5 ring of evasion (right hand)
 A - a ring of fire
 C - a ring of ice
 G - a ring of protection from fire
 L - a ring of poison resistance
 Q - the necklace of Bloodlust (around neck) {Fury *Rage Will++ Int-3 Slay+6}
   (You bought it in a shop on level 10 of the Dungeon)

   [amulet of nothing]

   Fury:      It extends the wearer's berserk rage when killing foes.
   Int:       It affects your intelligence (-3).
   Slay:      It affects your accuracy & damage with ranged weapons and melee
   (+6).
   *Rage:     It berserks you when you make melee attacks (+50% chance).
   Will:      It greatly increases your willpower.
 T - a +4 ring of protection (left hand)
Wands
 j - a wand of mindburst (6)
 w - a wand of acid (9)
 M - a wand of iceblast (25)
 N - a wand of paralysis (14)
 W - a wand of flame (21)
Scrolls
 e - 3 scrolls of revelation
 h - 5 scrolls of enchant weapon
 k - 5 scrolls of teleportation
 u - 3 scrolls of fear
 F - 4 scrolls of poison
 U - 3 scrolls of butterflies
Potions
 m - 5 potions of enlightenment
 o - 4 potions of cancellation
 p - 7 potions of curing
 q - 7 potions of attraction
 B - 5 potions of lignification
 K - 3 potions of resistance
 O - 2 potions of haste
 P - 3 potions of invisibility
 S - 2 potions of might
 Y - 2 potions of berserk rage
Miscellaneous
 c - a piece from Xom's chessboard (15/15) (quivered)


   Skills:
 + Level 18.3 Fighting
 - Level 16.9 Maces & Flails
 - Level 18.0 Armour
 - Level 16.0 Dodging
 - Level 4.0 Stealth
 - Level 9.0 Evocations


You had 15 spell levels left.
You didn't know any spells.
Your spell library contained the following spells:

 Spells                   Type           Power      Damage    Failure   Level
 Foxfire                  Conj/Fire      0%         2x1d4     26%         1
 Magic Dart               Conj           0%         1d3       26%         1
 Ensorcelled Hibernation  Hex/Ice        0%         N/A       36%         2
 Lesser Beckoning         Tloc           0%         N/A       36%         2
 Passwall                 Tmut/Erth      0%         N/A       36%         2
 Searing Ray              Conj           0%         2d4       36%         2
 Static Discharge         Conj/Air       0%         2-2/arc   36%         2
 Sublimation of Blood     Necr           0%         N/A       36%         2
 Dazzling Flash           Conj/Hex       0%         N/A       58%         3
 Frozen Ramparts          Ice            0%         1d1       58%         3
 Gell's Gravitas          Tloc           0%         N/A       58%         3
 Portal Projectile        Hex/Tloc       0%         N/A       58%         3
 Swiftness                Air            0%         N/A       58%         3
 Teleport Other           Tloc           0%         N/A       58%         3
 Tukima's Dance           Hex            0%         N/A       58%         3
 Volatile Blastmotes      Fire/Tloc      0%         2d10      58%         3
 Animate Armour           Summ/Erth      0%         N/A       94%         4
 Animate Dead             Necr           0%         N/A       94%         4
 Dispel Undead            Necr           0%         3d6       94%         4
 Iskenderun's Mystic Bla  Conj/Tloc      0%         2d3       94%         4
 Petrify                  Tmut/Erth      0%         N/A       94%         4
 Summon Lightning Spire   Summ/Air       0%         N/A       94%         4
 Borgnjor's Vile Clutch   Necr/Erth      0%         N/A       100%        5
 Lee's Rapid Deconstruct  Erth           0%         3d4*      100%        5
 Metabolic Englaciation   Hex/Ice        0%         N/A       100%        5
 Summon Forest            Summ/Tloc      0%         N/A       100%        5
 Summon Mana Viper        Hex/Summ       0%         N/A       100%        5
 Death Channel            Necr           0%         N/A       100%        6
 Starburst                Conj/Fire      0%         6d3       100%        6
 Summon Cactus Giant      Summ           0%         N/A       100%        6
 Orb of Destruction       Conj           0%         9d5       100%        7
 Maxwell's Capacitive Co  Air            0%         ∞         100%        8
 Chain Lightning          Conj/Air       0%         N/A       100%        9
 Fire Storm               Conj/Fire      0%         5d1       100%        9
 Shatter                  Erth           0%         3d5*      100%        9


Dungeon Overview and Level Annotations

Branches:
Dungeon (15/15)            Temple (0/1) D:4            Lair (5/5) D:8
 Shoals (0/4) Lair:3        Snake (0/4) Lair:3        Slime (0/5) Lair:4
    Orc (2/2) D:10            Elf (2/3) Orc:2        Vaults (0/5) D:13
 Depths (0/4) D:15          IceCv (visited)

Altars:
Cheibriados
Dithmenos
Elyvilon
Kikubaaqudgha
Okawaru
Qazlal
Ru
Uskayaw
Vehumet
Xom
Zin

Shops:
D:7 [   D:10 =   D:12 :   Orc:2 [([:   Elf:1 (

Annotations:
D:6 1 runed translucent door, Crazy Yiuf
D:12 1 runed translucent door, Varahof's ghost, journeyman MiFi
Lair:5 Rupert
Elf:2 1 runed translucent door, exclusion: door


Innate Abilities, Weirdness & Mutations

You have a pair of horns on your head.
You reflexively headbutt those who attack you in melee.
You have sharp fingernails.
You are mostly covered in iridescent scales. (AC +4)
You have a somewhat thin skeletal structure. (Dex +2, Stealth+)
You are agile. (Dex +4, Str/Int -1)
Your mind is acute. (Int +4, Str/Dex -1)
You are strong-willed. (Will+)
You are very robust. (+20% HP)
Your muscles are strong. (Str +4, Int/Dex -1)
You occasionally lose the ability to drink potions when taking damage.


Message History

You furiously retaliate!
You headbutt the +5 war axe of freezing!
A +0 short sword of venom comes into view.
Unknown command.
As you read the scroll of teleportation, it crumbles to dust.
You feel strangely unstable.
The +0 short sword of venom is engulfed in blazing flames.
The fire elemental completely misses you.
You furiously retaliate!
You headbutt the fire elemental. The fire elemental closely misses you.
You furiously retaliate!
You headbutt the fire elemental!
The +5 war axe of freezing completely misses you.
The fire elemental closely misses you. You furiously retaliate!
You headbutt the fire elemental! The fire elemental misses you.
The +5 war axe of freezing barely misses you.
You furiously retaliate!
You headbutt the +5 war axe of freezing!!
The +5 war axe of freezing falls from the air.
The deep elf pyromancer is engulfed in blazing flames.
Unknown command.
Unknown command.
The fire elemental misses you. The fire elemental hits you.
* * * LOW HITPOINT WARNING * * *
The fire elemental burns you! You resist.
* * * LOW HITPOINT WARNING * * *
The +3 vampiric lajatang hits you!!
* * * LOW HITPOINT WARNING * * *
The fire elemental misses you. You furiously retaliate!
You headbutt the fire elemental!!
You destroy the fire elemental!
The fire elemental disappears in a puff of smoke!
The fire elemental hits you. The fire elemental burns you! You resist.
* * * LOW HITPOINT WARNING * * *
The deep elf pyromancer mumbles some strange words.
The deep elf pyromancer blinks!
A deep elf knight comes into view. It is wielding a +0 scimitar.
The +3 vampiric lajatang hits you!!!
You feel threatened and lose the ability to drink potions!
You die...
Xom laughs nastily!

,,,,,***##.....,,,,,,,,,,,,,,,,,,
,,,,,,*,#....................,,,,
,,,,,,,,.......,...........§.,,,*
,,,,,,,,.......,,............,,**
,,,,,,,,.......,,*...........,,*
,,,,,,,,.......,***.......§..,**
,,,,,,,,......e## ##..(......,**
,,,,,,,,......○E###..........,,**
,,,,,,,,.......§@#...........,,,*
^,,,,,,,......§°○()).........,,,,
*,,,,,**#.....##..)##...##...**,,
**,,,** ##...#*##.####.##**,#***,
***** ####* ### *## *** **


You could see a deep elf knight, a fire elemental (summoned) and a +3 vampiric
lajatang.

Vanquished Creatures
  Jorgrun (Orc:2)
  An iron dragon (D:13)
  An orc warlord (Orc:2)
  A dire elephant (D:15)
  A deep elf annihilator (Elf:1)
  An ettin (Orc:2)
  A fire dragon (Lair:5)
  Josephine (Lair:3)
  5 hydras
  A rakshasa (D:13)
  A vault guard (D:13)
  2 catoblepae (D:13)
  A death knight (D:15)
  An ogre mage (D:15)
  7 centaur warriors
  3 two-headed ogres
  20 dancing weapons
  Urug (Orc:2)
  2 tengu warriors (D:15)
  3 boulder beetles
  4 orc high priests (Orc:2)
  12 deep elf knights
  Amaemon (Lair:3)
  A fire crab (D:12)
  A spriggan druid (Elf:2)
  A wizard (D:14)
  A swamp dragon (Lair:5)
  8 deep elf zephyrmancers
  A necromancer (IceCv)
  2 orc knights
  23 deep elf pyromancers
  5 orc sorcerers
  4 manticores
  7 cyclopes
  8 ugly things
  Maurice (Orc:2)
  An eye of devastation (shapeshifter) (Elf:1)
  3 black mambas
  A molten gargoyle (Lair:5)
  8 unseen horrors
  12 cane toads
  An orange demon (Lair:3)
  An ice statue (IceCv)
  A gargoyle (D:13)
  An efreet (D:13)
  4 rime drakes
  5 freezing wraiths
  A komodo dragon (shapeshifter) (D:13)
  A yaktaur (shapeshifter) (Lair:3)
  10 komodo dragons
  13 ice devils (IceCv)
  A tengu conjurer (D:14)
  2 anaconda simulacra (IceCv)
  A queen bee (shapeshifter) (D:15)
  3 meliai (D:15)
  2 polar bears
  6 trolls
  2 hornets
  Prince Ribbit (D:6)
  A snapping turtle (Lair:3)
  21 slime creatures
  6 wyverns
  A shadow (D:13)
  2 fire elementals
  Grum (D:11)
  A vampire (D:12)
  11 wraiths
  19 yaks
  9 basilisks
  4 steam dragons (Lair:5)
  6 death yak simulacra
  8 vampire mosquitoes
  3 harpy simulacra (IceCv)
  3 wargs
  2 acid dragons
  3 nagas (Lair:3)
  A hydra simulacrum (IceCv)
  12 water moccasins
  35 orc warriors
  2 swamp drakes (Lair:5)
  5 black bears
  12 ogres
  13 wolves
  A boggart (D:11)
  8 centaurs
  3 kobold brigands
  2 gnoll sergeants
  3 cane toad simulacra (IceCv)
  8 bullfrogs
  26 wights
  4 earth elementals (Elf:1)
  2 two-headed ogre simulacra
  4 elephant simulacra (IceCv)
  An electric eel (Lair:1)
  5 howler monkeys
  A lava snake (Lair:5)
  2 jellies
  A gnoll bouda (D:7)
  23 orc priests
  A hound (D:4)
  9 iguanas
  A sleepcap (D:5)
  33 orc wizards
  A spriggan simulacrum (D:13)
  4 hell rats (Lair:4)
  3 troll simulacra
  4 polar bear simulacra
  5 wolf simulacra (IceCv)
  20 gnolls
  11 adders
  4 naga simulacra
  3 shadow imps (D:6)
  A white imp (D:6)
  An ufetubus (IceCv)
  4 worms
  3 dart slugs
  120 orcs
  4 ball pythons
  5 bats
  7 endoplasms
  2 giant cockroaches
  11 goblins
  13 hobgoblins
  10 jackals
  A quokka (D:1)
  3 frilled lizards
  15 kobolds
  5 rats
795 creatures vanquished.

Vanquished Creatures (collateral kills)
  2 catoblepae (D:13)
  2 wights (D:8)
  An ufetubus (IceCv)
  An orc (Orc:2)
  A kobold (D:11)
7 creatures vanquished.

Vanquished Creatures (others)
  3 deep elf pyromancers (Elf:1)
  An iguana (Lair:5)
  An orc (Orc:2)
5 creatures vanquished.

Grand Total: 807 creatures vanquished

Notes
Turn   | Place    | Note
-------+----------+-------------------------------------------
     0 | D:1      | confidenceinterval the Minotaur Chaos Knight began the
                  | quest for the Orb.
     0 | D:1      | Reached XP level 1. HP: 19/19 MP: 0/0
   154 | D:1      | Reached XP level 2. HP: 22/26 MP: 1/1
   339 | D:1      | XOM: silly message
   495 | D:1      | Reached skill level 5 in Maces & Flails
   630 | D:2      | Reached XP level 3. HP: 31/31 MP: 2/2
   636 | D:2      | XOM: god gift: scroll of teleportation
  1137 | D:2      | Reached XP level 4. HP: 39/39 MP: 3/3
  1172 | D:2      | XOM: potion effect (haste)
  1353 | D:2      | XOM: god gift: scroll labelled EPTOOLO ZAISAWN {god gift}
  1383 | D:2      | XOM: cloud trail
  1510 | D:3      | XOM: cloud trail
  1538 | D:3      | Found a hide-covered altar of Uskayaw.
  1538 | D:3      | Found a glowing silver altar of Zin.
  1692 | D:3      | Found a shadowy altar of Dithmenos.
  1807 | D:3      | Found a faded altar of an unknown god.
  1948 | D:3      | Reached XP level 5. HP: 45/45 MP: 4/4
  2037 | D:3      | XOM: cloud trail
  2150 | D:4      | XOM: smoke on damage
  2237 | D:4      | XOM: silly message
  2446 | D:4      | Reached skill level 5 in Fighting
  2552 | D:4      | Noticed an ogre
  2553 | D:4      | Noticed a black bear
  2570 | D:3      | XOM: blink monster(s)
  2574 | D:3      | Reached XP level 6. HP: 45/56 MP: 5/5
  2594 | D:4      | XOM: butterfly on damage
  2664 | D:4      | Reached skill level 5 in Armour
  2703 | D:4      | Found a staircase to the Ecumenical Temple.
  2746 | D:4      | XOM: divination: magic mapping
  3174 | D:5      | Entered Level 5 of the Dungeon
  3188 | D:4      | Reached XP level 7. HP: 42/61 MP: 6/6
  3242 | D:5      | Identified a scroll of acquirement
  3242 | D:5      | Acquired a manual of Maces & Flails
  3486 | D:5      | Found an iron altar of Okawaru.
  3533 | D:5      | Reached skill level 10 in Maces & Flails
  3581 | D:5      | XOM: potion effect (might)
  3606 | D:5      | XOM: butterfly on damage
  3805 | D:5      | XOM: cloud trail
  3910 | D:5      | Reached XP level 8. HP: 46/68 MP: 7/7
  4132 | D:5      | XOM: divination: magic mapping
  4217 | D:6      | Noticed Prince Ribbit
  4228 | D:6      | XOM: noise
  4230 | D:6      | Killed Prince Ribbit
  4299 | D:6      | XOM: silly message
  4309 | D:6      | XOM: silly message
  4359 | D:6      | Found a sacrificial altar of Ru.
  4465 | D:6      | Reached skill level 15 in Maces & Flails
  4472 | D:6      | XOM: divination: detect items
  4526 | D:6      | Found a runed translucent door.
  4527 | D:6      | Noticed Crazy Yiuf
  4553 | D:6      | Noticed a hornet
  4733 | D:6      | XOM: potion effect (might)
  4735 | D:6      | XOM: potion effect (invisibility)
  4741 | D:6      | Paralysed by a hornet for 1 turns
  4748 | D:5      | Killed a hornet
  4835 | D:6      | Reached XP level 9. HP: 63/75 MP: 8/8
  4856 | D:6      | Found a stormy altar of Qazlal.
  4932 | D:6      | XOM: potion effect (attraction)
  5116 | D:7      | Found Mijuk's Armour Emporium.
  5120 | D:7      | XOM: noise
  5143 | D:7      | Identified the +8 rapier "Uggorak" {freeze, rElec rPois
                  | rCorr Int-5}
  5233 | D:7      | XOM: divination: detect creatures
  5280 | D:7      | XOM: enchant monster (bad)
  5351 | D:7      | XOM: silly message
  5475 | D:7      | Acquired the +0 pair of boots of Tulips {rPois rF+++ SInv}
  5538 | D:7      | XOM: divination: detect creatures
  5612 | D:7      | XOM: potion effect (berserk rage)
  5614 | D:7      | XOM: noise
  5615 | D:7      | XOM: noise
  5620 | D:7      | XOM: cast spell 'Leda's Liquefaction'
  5629 | D:7      | XOM: summons 3 friendly demons
  5858 | D:7      | XOM: god gift: diamond ring {god gift}
  6065 | D:8      | XOM: polymorph water moccasin -> basilisk
  6095 | D:8      | Found a staircase to the Lair.
  6095 | D:8      | Found a radiant altar of Vehumet.
  6095 | D:8      | XOM: 3-stop teleportation journey
  6113 | D:8      | Reached skill level 5 in Dodging
  6117 | D:8      | XOM: confuse monster(s)
  6183 | D:8      | Reached XP level 10. HP: 86/86 MP: 9/9
  6305 | D:8      | XOM: confuse monster(s)
  6309 | D:8      | Reached skill level 1 in Evocations
  6323 | D:8      | XOM: cast spell 'Dispersal'
  6760 | D:9      | Reached skill level 5 in Evocations
  7211 | D:9      | Found a white marble altar of Elyvilon.
  7358 | D:9      | XOM: 2-stop teleportation journey
  7512 | D:10     | Entered Level 10 of the Dungeon
  7515 | D:10     | XOM: destruction
  7522 | D:9      | XOM: divination: detect creatures
  7534 | D:9      | XOM: give mutations
  7534 | D:9      | Gained mutation: You are robust. (+10% HP) [Xom's grace]
  7534 | D:9      | Gained mutation: Your muscles are strong. (Str +4, Int/Dex
                  | -1) [Xom's grace]
  7534 | D:9      | Gained mutation: You possess an exceptional clarity of
                  | mind. [Xom's grace]
  7534 | D:9      | Gained mutation: You are strong-willed. (Will+) [Xom's
                  | grace]
  7599 | D:10     | Reached skill level 1 in Stealth
  7707 | D:10     | Found a staircase to the Orcish Mines.
  7856 | D:10     | XOM: summons 5 friendly demons
  7868 | D:10     | Reached XP level 11. HP: 99/103 MP: 10/10
  7966 | D:10     | Found Ryny Wej's Jewellery Boutique.
  8039 | D:10     | XOM is BORED!
  8050 | D:10     | XOM: summons friendly crimson imp
  8143 | D:10     | XOM: give mutation
  8143 | D:10     | Gained mutation: You are very robust. (+20% HP) [Xom's
                  | grace]
  8177 | D:10     | XOM: cast spell 'Summon Mana Viper'
  8694 | D:11     | XOM: god gift: runed hand axe {god gift}
  8786 | D:11     | Noticed Grum
  8793 | D:11     | Killed Grum
  8846 | D:11     | XOM: scenery: summon butterflies
  8860 | D:11     | XOM: polymorph wolf -> boggart
  8914 | D:11     | Noticed a red ugly thing
  8929 | D:11     | Killed a red ugly thing
  8935 | D:11     | XOM: scenery: 1 doors close
  9021 | D:11     | XOM: cleaving
  9033 | D:11     | Reached skill level 10 in Fighting
  9047 | D:11     | XOM: summons friendly iron imp
  9052 | D:11     | XOM: enchant monster (bad)
  9056 | D:11     | Reached skill level 10 in Armour
  9451 | D:11     | XOM: silly message
  9521 | D:10     | Bought the necklace of Bloodlust {Fury *Rage Will++ Int-3
                  | Slay+6} for 679 gold pieces
  9521 | D:10     | Found the necklace of Bloodlust {Fury *Rage Will++ Int-3
                  | Slay+6}
  9594 | Lair:1   | Entered Level 1 of the Lair of Beasts
 10510 | Lair:2   | Reached skill level 10 in Dodging
 10577 | Lair:2   | Noticed a seven-headed hydra
 10585 | Lair:2   | Killed a seven-headed hydra
 11099 | Lair:2   | XOM: cleaving
 11152 | Lair:2   | Reached XP level 12. HP: 120/132 MP: 11/11
 11156 | Lair:2   | XOM: summons 4 hostile demons
 11492 | Lair:2   | XOM: give mutation
 11492 | Lair:2   | Gained mutation: You are partially covered in iridescent
                  | scales. (AC +2) [Xom's grace]
 11578 | Lair:2   | Identified the +8 whip of Takhosux {elec, rN+ Stlth+}
 11932 | Lair:3   | Found a staircase to the Shoals.
 12039 | Lair:3   | XOM: god gift: runed trident {god gift}
 12299 | Lair:3   | XOM is BORED!
 12299 | Lair:3   | XOM: noise
 12309 | Lair:3   | Identified the +1 robe "Rurainty" {rF+ Regen+ Int-4}
 12392 | Lair:3   | Noticed Josephine
 12397 | Lair:3   | XOM: chaos upgrade
 12398 | Lair:3   | XOM: enchant monster (good)
 12406 | Lair:3   | Killed Josephine
 12411 | Lair:3   | XOM: 1-stop teleportation journey
 12447 | Lair:3   | XOM: repel stairs
 12503 | Lair:3   | XOM: 1-stop teleportation journey
 12568 | Lair:3   | Noticed Amaemon
 12568 | Lair:3   | XOM: swap monsters
 12571 | Lair:3   | XOM: swap monsters
 12574 | Lair:3   | XOM: summons 7 hostile demons
 12577 | Lair:3   | XOM: summons 2 hostile shadow creatures
 12580 | Lair:3   | XOM: give mutations
 12580 | Lair:3   | Gained mutation: You have sharp toenails. [Xom's mischief]
 12580 | Lair:3   | Lost mutation: You are partially covered in iridescent
                  | scales. (AC +2) [Xom's mischief]
 12580 | Lair:3   | Lost mutation: You are strong-willed. (Will+) [Xom's
                  | mischief]
 12603 | Lair:3   | Killed Amaemon
 12611 | Lair:3   | XOM: give mutations
 12611 | Lair:3   | Gained mutation: Your muscles are very strong. (Str +8,
                  | Int/Dex -2) [Xom's grace]
 12611 | Lair:3   | Gained mutation: You are partially covered in iridescent
                  | scales. (AC +2) [Xom's grace]
 12776 | Lair:3   | Found a staircase to the Snake Pit.
 12780 | Lair:3   | XOM: summons 5 hostile demons
 12854 | Lair:3   | XOM: swap monsters
 12856 | Lair:3   | XOM: give mutation
 12856 | Lair:3   | Gained mutation: You have a somewhat thin skeletal
                  | structure. (Dex +2, Stealth+) [Xom's mischief]
 12860 | Lair:3   | XOM: polymorph rime drake -> shapeshifter
 12921 | Lair:4   | Found a staircase to the Slime Pits.
 12966 | Lair:4   | Noticed a four-headed hydra
 12998 | Lair:4   | Killed a four-headed hydra
 13190 | Lair:4   | Noticed a boulder beetle
 13207 | Lair:4   | XOM: summons 12 friendly demons
 13217 | Lair:4   | Killed a boulder beetle
 13277 | Lair:4   | Identified the +1 ring mail of Analysis {+Inv MP+9 Str+2}
 13429 | Lair:4   | XOM: summons 4 hostile demons
 13444 | Lair:4   | XOM: summons 7 hostile demons
 13496 | Lair:4   | XOM: scenery: create altars
 13742 | Lair:5   | Entered Level 5 of the Lair of Beasts
 13752 | Lair:5   | XOM: cleaving
 13833 | Lair:5   | XOM: cloud trail
 13857 | Lair:5   | XOM: scenery: summon butterflies
 13958 | Lair:5   | XOM: 2-stop teleportation journey
 14036 | Lair:5   | Identified the +5 pair of boots "Itzadgha" {rF+ rC- Str+5}
 14090 | Lair:5   | XOM: god gift: wand of paralysis (7)
 14148 | Lair:5   | Got the Directory of the Cemetery
 14160 | Lair:5   | Noticed a four-headed hydra
 14162 | Lair:5   | XOM: scenery: summon butterflies
 14165 | Lair:5   | XOM: cleaving
 14168 | Lair:5   | Killed a four-headed hydra
 14169 | Lair:5   | Reached XP level 13. HP: 107/148 MP: 12/12
 14278 | Lair:5   | Noticed Rupert
 14559 | Lair:5   | XOM: fake destruction
 14630 | Lair:5   | Noticed a fire dragon
 14638 | Lair:5   | XOM: cleaving
 14647 | Lair:5   | Killed a fire dragon
 14656 | Lair:5   | XOM: cleaving
 15098 | D:12     | XOM: fake destruction
 15109 | D:12     | XOM: confuse monster(s)
 15123 | D:12     | XOM: god gift: scroll of poison
 15329 | D:12     | Found an ancient bone altar of Kikubaaqudgha.
 15352 | D:12     | XOM: polymorph cyclops -> fire crab
 15404 | D:12     | Noticed Varahof's ghost (journeyman MiFi)
 15406 | D:12     | XOM: enchant monster (good)
 15410 | D:12     | Reached skill level 15 in Fighting
 15452 | D:12     | Found a runed translucent door.
 15563 | D:12     | Found Fafruq's Book Shoppe.
 15955 | D:13     | Noticed a stone giant
 15985 | D:13     | XOM: enchant monster (good)
 15988 | D:13     | XOM: swap monsters
 15991 | D:13     | XOM: silly message
 16014 | D:13     | XOM: 1-stop teleportation journey
 16025 | D:13     | XOM: potion effect (brilliance)
 16040 | D:13     | Found a frozen archway.
 16041 | D:13     | XOM: swap monsters
 16309 | IceCv    | Entered an ice cave
 16371 | IceCv    | XOM: scenery: create altars
 16377 | IceCv    | XOM: fog
 16428 | IceCv    | XOM: 1-stop teleportation journey
 16436 | IceCv    | XOM: chaos cloud
 16439 | IceCv    | Paralysed by you for 4 turns
 16518 | IceCv    | XOM: draining
 16568 | IceCv    | XOM: summons 3 friendly demons
 16628 | IceCv    | Found an ancient bone altar of Kikubaaqudgha.
 16774 | IceCv    | XOM: god gift: 6 stones
 17241 | IceCv    | XOM is BORED!
 17326 | IceCv    | XOM: silly message
 17447 | IceCv    | XOM: god gift: 3 scrolls of butterflies
 17655 | IceCv    | Reached skill level 15 in Armour
 17655 | IceCv    | Reached XP level 14. HP: 164/164 MP: 13/13
 17855 | D:13     | XOM: potion effect (haste)
 17900 | D:13     | Got the +0 eveningstar of Hatred {heavy, rF- Int+5 Dex+6}
 17932 | D:13     | XOM: silly message
 17941 | D:13     | XOM: 5-stop teleportation journey
 18009 | D:13     | XOM: swap monsters
 18117 | D:13     | Found a gate to the Vaults.
 18216 | D:13     | XOM: silly message
 18258 | D:13     | XOM: chaos cloud
 18453 | D:13     | XOM: enchant monster (bad)
 18455 | D:13     | a stone giant changed into an iron dragon
 18455 | D:13     | Noticed an iron dragon
 18455 | D:13     | XOM: polymorph stone giant -> iron dragon
 18464 | D:13     | Killed an iron dragon
 18587 | D:13     | XOM: scenery: create altars
 18682 | Orc:1    | Entered Level 1 of the Orcish Mines
 18852 | Orc:2    | Entered Level 2 of the Orcish Mines
 18855 | Orc:2    | Noticed Urug
 18867 | Orc:2    | Killed Urug
 18984 | Orc:2    | XOM: cleaving
 18998 | Orc:2    | Noticed Maurice
 19010 | Orc:2    | Killed Maurice
 19041 | Orc:2    | XOM: 3-stop teleportation journey
 19055 | Orc:2    | XOM: summons 14 friendly demons
 19216 | Orc:2    | XOM: scenery: create altars
 19238 | Orc:2    | XOM: polymorph orange demon -> rust devil
 19446 | Orc:2    | XOM: enchant monster (bad)
 19500 | Orc:2    | XOM: silly message
 19535 | Orc:1    | XOM: enchant monster (bad)
 20003 | Orc:1    | XOM: scenery: create altars
 20286 | Orc:2    | Found a staircase to the Elven Halls.
 20300 | Orc:2    | Noticed Jorgrun
 20300 | Orc:2    | XOM: 5-stop teleportation journey
 20433 | Orc:2    | XOM: god gift: book of Burglary
 20533 | Orc:2    | XOM: give mutations
 20533 | Orc:2    | Gained mutation: You are mostly covered in iridescent
                  | scales. (AC +4) [Xom's grace]
 20533 | Orc:2    | Lost mutation: You have sharp toenails. [Xom's grace]
 20533 | Orc:2    | Gained mutation: You have large cloven feet. [Xom's grace]
 20533 | Orc:2    | Gained mutation: You are agile. (Dex +4, Str/Int -1) [Xom's
                  | grace]
 20654 | Orc:2    | XOM: enchant monster (good)
 20661 | Orc:2    | Found Buunaong's Antique Armour Shoppe.
 20666 | Orc:2    | Bought a smelly chain mail for 228 gold pieces
 20666 | Orc:2    | Identified the +0 chain mail of Viaw {rPois Str+2 SInv}
                  | (You bought it in a shop on level 2 of the Orcish Mines)
 20721 | Orc:2    | Noticed an orc warlord
 20765 | Orc:2    | Killed an orc warlord
 20913 | Orc:2    | Found Midgh's Antique Weapon Shoppe.
 20919 | Orc:2    | XOM: noise
 20922 | Orc:2    | Found Hoklej's Antique Armour Emporium.
 20950 | Orc:2    | XOM: silly message
 20971 | Orc:2    | Found Zieleger's Book Emporium.
 21008 | Orc:2    | Killed Jorgrun
 21177 | Orc:2    | Bought a distressingly furry chain mail for 294 gold pieces
 21177 | Orc:2    | Identified the +5 chain mail of the Desolation of Salt
                  | {SInv} (You bought it in a shop on level 2 of the Orcish
                  | Mines)
 21177 | Orc:2    | Bought a steaming chain mail for 294 gold pieces
 21177 | Orc:2    | Identified the +8 chain mail of the Arcane {rPois Will-
                  | Regen+ Int+5} (You bought it in a shop on level 2 of the
                  | Orcish Mines)
 21366 | D:14     | XOM: potion effect (berserk rage)
 21371 | D:14     | Reached XP level 15. HP: 176/176 MP: 14/14
 21384 | D:13     | XOM: fake destruction
 21553 | D:14     | Identified the +1 cloak of Lugonu's Fury {rElec Int+3}
 21638 | D:14     | Found a snail-covered altar of Cheibriados.
 21730 | D:14     | XOM is BORED!
 21730 | D:14     | XOM: give mutation
 21730 | D:14     | Lost mutation: You possess an exceptional clarity of mind.
                  | [Xom's mischief]
 21956 | D:15     | Entered Level 15 of the Dungeon
 21998 | D:15     | XOM: 2-stop teleportation journey
 22001 | D:15     | XOM: fog
 22114 | D:15     | XOM: divination: detect creatures
 22186 | D:15     | XOM: scenery: create altars
 22249 | D:15     | Found a staircase to the Depths.
 22249 | D:15     | XOM: 6-stop teleportation journey
 22310 | D:15     | XOM: 8-stop teleportation journey
 22312 | D:15     | XOM: 2-stop teleportation journey
 22409 | D:15     | XOM: give mutations
 22409 | D:15     | Gained mutation: You are strong-willed. (Will+) [Xom's
                  | grace]
 22409 | D:15     | Gained mutation: You have sharp fingernails. [Xom's grace]
 22409 | D:15     | Gained mutation: Your mind is acute. (Int +4, Str/Dex -1)
                  | [Xom's grace]
 22494 | D:15     | XOM: noise
 22526 | D:15     | XOM: 3-stop teleportation journey
 22783 | D:15     | XOM: summons 8 hostile demons
 22946 | Elf:1    | Entered Level 1 of the Elven Halls
 22956 | Elf:1    | XOM: give mutations
 22956 | Elf:1    | Lost mutation: Your muscles are very strong. (Str +8,
                  | Int/Dex -2) [Xom's mischief]
 22956 | Elf:1    | Lost mutation: You have large cloven feet. [Xom's mischief]
 22956 | Elf:1    | Gained mutation: You occasionally lose the ability to drink
                  | potions when taking damage. [Xom's mischief]
 23046 | Elf:1    | XOM: fake destruction
 23049 | Elf:1    | XOM: cast spell 'Chain of Chaos'
 23056 | Elf:1    | XOM: 1-stop teleportation journey
 23065 | Elf:1    | XOM: cleaving
 23066 | Elf:1    | XOM: polymorph deep elf zephyrmancer -> two-headed ogre
 23090 | Elf:1    | XOM: divination: magic mapping
 23098 | Elf:1    | XOM: fake destruction
 23100 | Elf:1    | XOM: confuse monster(s)
 23118 | Elf:1    | XOM: scenery: 1 doors close
 23136 | Elf:1    | Reached skill level 15 in Dodging
 23406 | Elf:1    | XOM: summons 2 friendly demons
 23416 | Elf:1    | XOM: 1-stop teleportation journey
 23431 | Elf:1    | Got the Papyrus of Conflict
 23491 | Elf:1    | Found Hirrejau's Antique Weapon Shoppe.
 23500 | Elf:1    | Bought a slimy dire flail for 252 gold pieces
 23500 | Elf:1    | Identified the +6 dire flail of Malaise {drain, Will- Int+9
                  | Dex+4 Stlth+} (You bought it in a shop on level 1 of the
                  | Elven Halls)
 23534 | Elf:1    | XOM: fog
 24038 | Elf:2    | XOM: confuse monster(s)
 24109 | Elf:2    | XOM: enchant monster (good)
 24206 | Elf:2    | XOM: divination: detect creatures
 24215 | Elf:2    | XOM: enchant monster (bad)
 24243 | Elf:2    | XOM: 1-stop teleportation journey
 24251 | Elf:2    | Reached XP level 16. HP: 184/184 MP: 15/15
 24383 | Elf:2    | Found a runed translucent door.
 24384 | Elf:2    | Found a runed translucent door.
 24389 | Elf:2    | XOM: summons friendly shadow imp
 24454 | Elf:2    | XOM: 3-stop teleportation journey
 24463 | Elf:2    | XOM: confusion
 24464 | Elf:2    | XOM: swap monsters
 24468 | Elf:2    | XOM: scenery: summon butterflies
 24477 | Elf:2    | XOM: smoke on damage
 24480 | Elf:2    | XOM: blink monster(s)
 24499 | Elf:2    | XOM: smoke on damage
 24505 | Elf:2    | XOM: chaos upgrade
 24513 | Elf:2    | HP: 9/189 [+3 vampiric lajatang (21)]
 24513 | Elf:2    | Annihilated by a +3 vampiric lajatang

Illustrated notes

Levels and vault maps discovered:
D:1:      ncdulo_smallfort, layout_rooms, minmay_bisected
D:2:      layout_loops_ring, serial_forest, infiniplex_forest_lined_3_way,
          infiniplex_forest_clump_small, infiniplex_forest_lined_3_way,
          infiniplex_forest_side_room, infiniplex_forest_straight_5,
          infiniplex_forest_corner_2, infiniplex_forest_straight_5
D:3:      layout_loops_cross, general_overflow_altar,
          gammafunk_temple_overflow_statue, hellmonk_ecumenical_altar_crossroads
D:4:      layout_cave_pods, temple_hall, st_stairs_3, grunt_ministairs_4
D:5:      layout_loops_ring, lemuel_round_altar
D:6:      layout_rooms, nicolae_ru_path_of_blood, kennysheep_little_box,
          serial_aquarium, aquarium_bridge_straight [aquarium_subvault_bridge,
          aquarium_subvault_balcony, aquarium_subvault_bridge,
          aquarium_subvault_window], aquarium_bridge_square
          [aquarium_subvault_wall, aquarium_subvault_bridge,
          aquarium_subvault_bridge, aquarium_subvault_balcony],
          aquarium_window_2, aquarium_window_fake, aquarium_window_fake,
          aquarium_view_2c, aquarium_pool_split, kennysheep_generic_room_10,
          uniq_prince_ribbit1, uniq_crazy_yiuf_cottage
D:7:      layout_loops_ring, serial_shops, nicolae_shop_crystal
D:8:      layout_rooms, nicolae_vehumet_altar_sigil, minmay_lair_entry_grove
D:9:      layout_basic, mainiacjoe_overflow_concentric_impassable,
          minmay_misc_feat_square, roderic_lattice_a
D:10:     layout_stronghold, david_orc_2, serial_shops, shop
D:11:     layout_stronghold, uniq_grum
D:12:     layout_basic, serial_shops, nicolae_book_shop_shelving,
          hellmonk_ghost_big_iron, nicolae_kikubaaqudgha_miasma_corner
D:13:     minmay_roctagon, layout_loops_ring, david_vaults_5,
          portal_ice_cave_entry_ice_simulacra, minmay_joined_circles
D:14:     layout_basic, slow_altar_1
D:15:     hangedman_depths_entry_try_elsewhere_first, layout_long_grid
Lair:1:   layout_hall_layers, nicolae_quartered_pool_super, grunt_megastairs_4
Lair:2:   layout_cave_pods
Lair:3:   layout_cave_pods, minmay_shoals_entry_hut, nicolae_snake_entry_squirm,
          pdpol_lair_neglected_garden, uniq_josephine, uniq_amaemon
Lair:4:   wad_woods_pond, layout_loops_ring, slime_entry_1
Lair:5:   hangedman_lair_caniforms_friends, layout_gridlike,
          guppyfry_lair_end_dragon, uniq_rupert
Orc:1:    layout_diamond_mine
Orc:2:    grunt_orc_community_town_hall, layout_caves,
          grunt_orc_community_big_house_1, grunt_orc_community_big_house_2,
          grunt_orc_community_house_3, grunt_orc_community_house_3,
          grunt_orc_community_house_2, grunt_orc_community_house_1,
          grunt_orc_community_house_2, uniq_urug, uniq_jorgrun, uniq_maurice
Elf:1:    eino_elf_arrival_the_gate, layout_rooms, serial_shops,
          nicolae_shop_temple_entry_statues_fountains, minmay_elf_annihilation
Elf:2:    elven_hall_of_blades_hangedman_original
          [nicolae_blade_entry_splitting_headache], layout_onion_city,
          minivault_25, kilobyte_rumbling_trees

Skill      XL: |  1  2  3  4  5  6  7  8  9 10 11 12 13 14 15 16 |
---------------+-------------------------------------------------+-----
Maces & Flails | 4 5 6 7 11 16 | 16.9
Fighting       | 5 8 11 14 16 17 18 | 18.3
Armour         | 3 6 7 9 10 12 15 18 | 18.0
Dodging        | 5 8 10 11 12 14 15 16 | 16.0
Evocations     | 5 8 9 |  9.0
Stealth        | 2 4 |  4.0

Action                     |  1- 3 |  4- 6 |  7- 9 | 10-12 | 13-15 | 16-18 || total
---------------------------+-------+-------+-------+-------+-------+-------++-------
  Melee: Mace              |    82 |   121 |   225 |       |       |       ||   428
         Headbutt          |     9 |    15 |    53 |   108 |   190 |    10 ||   385
         Punch             |       |       |     2 |     5 |    13 |     1 ||    21
         Flail             |       |       |    79 |   326 |       |       ||   405
         Whip              |       |       |       |   170 |   348 |       ||   518
         Demon whip        |       |       |       |     6 |       |       ||     6
         Eveningstar       |       |       |       |       |   536 |    40 ||   576
  Throw: Javelin           |       |     3 |     4 |       |       |       ||     7
  Evoke: Wand              |       |       |     3 |     2 |     4 |       ||     9
    Use: Scroll            |     4 |     5 |     5 |    13 |     8 |     6 ||    41
         Potion            |       |       |       |       |       |     3 ||     3
   Stab: Sleeping          |     1 |     1 |       |     8 |    18 |       ||    28
         Paralysed         |       |     1 |       |       |       |       ||     1
         Invisible         |       |       |     3 |       |       |       ||     3
         Distracted        |       |       |       |     2 |    10 |       ||    12
         Confused          |       |       |       |       |     6 |       ||     6
 Armour: Leather armour    |    27 |    38 |    56 |    25 |       |       ||   146
         Scale mail        |       |       |       |    95 |   121 |       ||   216
         Shadow dragon sca |       |       |       |       |    93 |       ||    93
         Chain mail        |       |       |       |       |    56 |       ||    56
         Skin              |       |       |       |       |    19 |    17 ||    36
  Dodge: Dodged            |    45 |    85 |   169 |   387 |   811 |   114 ||  1611

Table legend: (Time is in decaauts)
 A = Elapsed time spent in this place.
 B = Non-inter-level travel time spent in this place.
 C = Inter-level travel time spent in this place.
 D = Time resting spent in this place.
 E = Time spent auto-exploring this place.
 F = Levels seen in this place.
 G = Mean time per level.
                   A        B        C        D        E       F      G
               +--------+--------+--------+--------+--------+-----+--------+
         Total |  24373 |  22873 |   1500 |   4016 |  13775 |  25 |  974.9 |
       Dungeon |  13325 |  12310 |   1015 |   1327 |   8384 |  15 |  888.3 |
          Lair |   5270 |   5010 |    260 |    499 |   3677 |   5 | 1054.0 |
  Orcish Mines |   2642 |   2457 |    185 |    917 |    903 |   2 | 1321.0 |
   Elven Halls |   1705 |   1666 |     39 |    625 |    552 |   2 |  852.5 |
      Ice Cave |   1429 |   1429 |      0 |    647 |    258 |   1 | 1429.0 |
               +--------+--------+--------+--------+--------+-----+--------+

Top non-repeatable levels by time:
   Orc:2: 1994 daAuts
   IceCv: 1429 daAuts
    D:13: 1298 daAuts
  Lair:2: 1297 daAuts
   Elf:1: 1252 daAuts
    D:10: 1233 daAuts
  Lair:5: 1124 daAuts
     D:5: 1076 daAuts
  Lair:3: 1075 daAuts
    D:11: 953 daAuts
    D:15: 936 daAuts
     D:4: 932 daAuts
     D:9: 922 daAuts
  Lair:1: 898 daAuts
     D:7: 885 daAuts
